[Event "fics rated crazyhouse match"]
[Site "fics, Oklahoma City, OK USA"]
[Date "2000.12.19"]
[White "pminear"]
[WhiteElo "2603"]
[Black "BarryWhite"]
[BlackElo "2421"]
[TimeControl "120+0"]
[Result "0-1"]

1. e4 e6 2. Nc3 Nc6 3. d4 d5 4. exd5 exd5 5. Nf3 Nf6 6. Bb5 
Bb4 7. Ne5 Qe7 8. Qe2 Bd7 9. Nxd7 Qxe2+ 10. Bxe2 Nxd7 11. a3 Bxc3+ 
12. bxc3 Q@e4 13. Q@e3 N@f6 14. P@g5 Qxe3 15. Bxe3 Ne4 16. B@f5 P@e6 17. Bxe4 
dxe4 18. N@h5 B@f8 19. B@f6 Rg8 20. Bxg7 Bxg7 21. Nxg7+ Rxg7 22. B@f6 Rg8 
23. Bb5 B@f8 24. Bxc6 bxc6 25. P@e7 Bxe7 26. Bxe7 N@h4 27. N@f6+ Nxf6 28. Bxf6 
Nxg2+ 29. Kd1 P@e2+ 30. Kc1 P@b2+ 31. Kb1 bxa1=Q+ 32. Kxa1 B@b2+ 33. Ka2 N@b4+ 
34. cxb4 N@c3+ 35. Kxb2 R@a2+ 36. Kxc3 Q@b2+ 37. Kc4 Qxc2+ 38. P@c3 P@d5+ 39. Kc5 
Qxc3+ 40. B@c4 P@b6+ 41. Kxc6 Qxc4+ 42. Kb7 B@c6+ 43. Kxc7 Bd7+ 44. Kb7 
{pminear checkmated} 0-1

[Event "fics rated crazyhouse match"]
[Site "fics, Oklahoma City, OK USA"]
[Date "2000.12.19"]
[White "BarryWhite"]
[WhiteElo "2433"]
[Black "pminear"]
[BlackElo "2591"]
[TimeControl "120+0"]
[Result "0-1"]

1. e4 e5 2. Nf3 Nc6 3. Nc3 Bc5 4. Bb5 Nf6 5. O-O O-O 6. Bxc6 
dxc6 7. d3 B@h5 8. N@g3 Bxf3 9. gxf3 N@h3+ 10. Kh1 Nxf2+ 11. Rxf2 Bxf2 
12. B@e3 R@g1+ 13. Qxg1 Bxg1 14. Kxg1 Bh3 15. B@f1 Bxf1 16. Nxf1 P@d4 17. R@g3 
dxc3 18. N@e2 B@g6 19. bxc3 Nh5 20. B@h3 Nxg3 21. hxg3 N@e1 22. P@g2 R@h5 
23. Bcd2 Rxh3 24. Rxe1 Q@h1+ 25. Kf2 Rh2 26. Nxh2 Qxh2 27. R@h3 Qxh3 28. gxh3 
R@h2+ 29. N@g2 Rxh3 30. N@g5 Rh6 31. Nh4 P@f4 32. Bxf4 exf4 33. Bxf4 B@b6+ 
34. d4 B@f6 35. Nxg6 hxg6 36. Nxf7 Rxf7 37. Bxh6 N@h3+ 38. Kg2 gxh6 39. B@e6 
N@h4+ 40. gxh4 N@f4# 
{BarryWhite forfeits on time} 0-1

[Event "fics rated crazyhouse match"]
[Site "fics, Oklahoma City, OK USA"]
[Date "2000.12.19"]
[White "pminear"]
[WhiteElo "2596"]
[Black "BarryWhite"]
[BlackElo "2428"]
[TimeControl "120+0"]
[Result "1-0"]

1. e4 e6 2. Nc3 d5 3. exd5 exd5 4. Bb5+ c6 5. Ba4 Nf6 6. d4 
Bb4 7. Qe2+ P@e4 8. Bf4 Qe7 9. a3 Bxc3+ 10. bxc3 Bg4 11. f3 N@g6 
12. B@d6 Nxf4 13. Bxe7 Kxe7 14. P@d6+ Kxd6 15. Q@e5+ Kd7 16. Qxf4 Be6 17. N@c5+ 
Kc8 18. fxe4 dxe4 19. P@a6 Nxa6 20. Nxa6 bxa6 21. Bxc6 P@b7 22. Bxb7+ Kd7 
23. Qxa6 B@d5 24. Qfd6+ Ke8 
{BarryWhite checkmated} 1-0

[Event "fics rated crazyhouse match"]
[Site "fics, Oklahoma City, OK USA"]
[Date "2000.12.19"]
[White "BarryWhite"]
[WhiteElo "2424"]
[Black "pminear"]
[BlackElo "2600"]
[TimeControl "120+0"]
[Result "1-0"]

1. e4 e5 2. Nf3 Nc6 3. Bb5 Bc5 4. Nc3 Nf6 5. O-O O-O 6. Bxc6 
dxc6 7. Nxe5 B@d4 8. N@f3 Bxc3 9. bxc3 Nxe4 10. P@d4 P@h3 11. gxh3 Bxh3 
12. dxc5 Nxc3 13. P@g2 N@e2+ 14. Kh1 Bxg2+ 15. Kxg2 Nf4+ 16. Kg1 Nce2+ 17. Qxe2 
Nxe2+ 18. Kh1 P@g2+ 19. Kxg2 Nf4+ 20. Kg3 P@g5 21. B@h3 P@h4+ 22. Nxh4 gxh4+ 
23. Kxf4 Qd4+ 24. P@e4 Q@f6+ 25. B@f5 Qfxe5+ 26. Kf3 N@g5+ 27. Kg2 N@f4+ 28. Kh1 
Qexe4+ 29. Bxe4 Qxe4+ 30. f3 Ngxh3 31. P@g2 Qc4 32. N@h6+ Kh8 33. B@d3 P@e2 
34. Bxe2 
{pminear forfeits on time} 1-0

[Event "fics rated crazyhouse match"]
[Site "fics, Oklahoma City, OK USA"]
[Date "2000.12.19"]
[White "pminear"]
[WhiteElo "2588"]
[Black "BarryWhite"]
[BlackElo "2436"]
[TimeControl "120+0"]
[Result "1-0"]

1. e4 e6 2. Nc3 Nc6 3. d4 d5 4. exd5 exd5 5. Bb5 Nf6 6. Nf3 
Bb4 7. Ne5 Qe7 8. Bxc6+ bxc6 9. Qe2 P@b7 10. Bg5 Rg8 11. P@h6 gxh6 
12. Bxf6 Qxf6 13. N@h5 P@d2+ 14. Kd1 Qe7 15. N@f6+ Kd8 16. Nxg8 Be6 17. Nxe7 
Bxe7 18. R@g8+ B@f8 19. Q@h8 B@d6 20. Ng7 N@g6 21. Nxg6 hxg6 22. Nxe6+ fxe6 
23. N@f7+ Kd7 24. Nxd6 cxd6 25. B@f7 N@f4 26. Bxe6+ Nxe6 27. B@f7 B@f5 28. Bxe6+ 
Bxe6 29. P@g7 N@c4 30. gxf8=Q Nxb2+ 31. Kxd2 N@c4+ 32. Ke1 Bxf8 33. Rxf8 Rxf8 
34. Qxf8 
{BarryWhite forfeits on time} 1-0

[Event "fics rated crazyhouse match"]
[Site "fics, Oklahoma City, OK USA"]
[Date "2000.12.19"]
[White "BarryWhite"]
[WhiteElo "2431"]
[Black "pminear"]
[BlackElo "2593"]
[TimeControl "120+0"]
[Result "0-1"]

1. e4 e5 2. Nc3 Nc6 3. Nf3 Bc5 4. Bb5 Nf6 5. O-O O-O 6. d3 
d6 7. h3 Nd4 8. Be3 Nxf3+ 9. Qxf3 N@h4 10. Qg3 Nh5 11. Bxc5 Nxg3 
12. fxg3 dxc5 13. gxh4 B@g3 14. N@f3 Qxh4 15. N@e2 P@f2+ 16. Kh1 Bxh3 17. B@h2 
Bxg2# 
{BarryWhite resigns} 0-1

[Event "fics rated crazyhouse match"]
[Site "fics, Oklahoma City, OK USA"]
[Date "2000.12.19"]
[White "pminear"]
[WhiteElo "2598"]
[Black "BarryWhite"]
[BlackElo "2426"]
[TimeControl "120+0"]
[Result "1-0"]

1. e4 e6 2. Nc3 Nc6 3. d4 d5 4. exd5 exd5 5. Nf3 Nf6 6. Bb5 
Bb4 7. Ne5 Qe7 8. Bg5 P@a3 9. O-O axb2 10. Bxf6 gxf6 11. Nxd5 bxa1=Q 
12. Nxe7 Qxd1 13. N7xc6 bxc6 14. N@g7+ Kf8 15. Q@d8+ Kxg7 16. P@h6+ Kxh6 17. Qxf6+ 
Q@g6 18. P@g5+ Kh5 19. N@f4+ Kh4 
{BarryWhite checkmated} 1-0

[Event "fics rated crazyhouse match"]
[Site "fics, Oklahoma City, OK USA"]
[Date "2000.12.19"]
[White "pminear"]
[WhiteElo "2590"]
[Black "BarryWhite"]
[BlackElo "2434"]
[TimeControl "120+0"]
[Result "1-0"]

1. e4 e6 2. Nc3 d5 3. exd5 exd5 4. Bb5+ Nc6 5. Nf3 Nf6 6. Qe2+ 
Be7 7. Ne5 O-O 8. Bxc6 bxc6 9. Nxc6 Be6 10. Nxd8 Raxd8 11. d4 N@f5 
12. P@g5 Ne4 13. P@h6 Nxc3 14. hxg7 Nxg7 15. N@h6+ Kh8 16. bxc3 P@f6 17. gxf6 
Bxf6 18. P@g5 P@e7 19. gxf6 exf6 20. P@e7 N@h4 21. exf8=Q+ Rxf8 22. Q@e7 Ng6 
23. Qxf8# 
{BarryWhite resigns} 1-0

[Event "fics rated crazyhouse match"]
[Site "fics, Oklahoma City, OK USA"]
[Date "2000.12.19"]
[White "BarryWhite"]
[WhiteElo "2429"]
[Black "pminear"]
[BlackElo "2595"]
[TimeControl "120+0"]
[Result "0-1"]

1. e4 e5 2. Nf3 Nc6 3. Bb5 Bc5 4. O-O Nf6 5. Nc3 d6 6. d3 
Bg4 7. h3 Bxf3 8. Qxf3 N@d4 9. Bxc6+ bxc6 10. Qg3 B@f4 11. Bxf4 exf4 
12. Qxf4 B@e5 13. Qh4 Nxc2 14. N@f5 Rg8 15. B@e7 Qd7 16. P@b7 Rb8 17. B@c8 
Nxa1 18. Bxd7+ Kxd7 19. Ng3 P@e3 20. Bxf6 exf2+ 21. Rxf2 Bxf2+ 22. Kxf2 P@e3+ 
23. Kxe3 B@d4+ 24. Kd2 R@c2+ 25. Ke1 Bf2# 
{BarryWhite resigns} 0-1

[Event "fics rated crazyhouse match"]
[Site "fics, Oklahoma City, OK USA"]
[Date "2000.12.19"]
[White "pminear"]
[WhiteElo "2599"]
[Black "BarryWhite"]
[BlackElo "2425"]
[TimeControl "120+0"]
[Result "1-0"]

1. e4 e6 2. Nc3 d5 3. exd5 exd5 4. Bb5+ Nc6 5. Nf3 Bd6 6. Qe2+ 
P@e6 7. Nxd5 Nf6 8. Nxf6+ Qxf6 9. P@e5 Qe7 10. N@h5 f6 11. exf6 gxf6 
12. Nxf6+ Qxf6 13. P@e5 Qe7 14. P@f6 Qd7 15. P@g7 Rg8 16. Bxc6 bxc6 17. N@h6 
B@f7 18. Nxg8 Bxg8 19. exd6 N@g6 20. B@h5 N@f8 21. R@e7# 
{BarryWhite resigns} 1-0

[Event "fics rated crazyhouse match"]
[Site "fics, Oklahoma City, OK USA"]
[Date "2000.12.19"]
[White "BarryWhite"]
[WhiteElo "2421"]
[Black "pminear"]
[BlackElo "2603"]
[TimeControl "120+0"]
[Result "0-1"]

1. e4 e5 2. Nf3 Nc6 3. Bb5 Bc5 4. O-O Nf6 5. d3 d6 6. Bg5 
Bg4 7. Bxc6+ bxc6 8. Nbd2 B@h5 9. N@f5 Bxf5 10. exf5 Rb8 11. B@h4 Rg8 
12. Ne4 Bxf3 13. Qxf3 N@d4 14. Qh3 N@f4 15. Bxf4 exf4 16. B@e6 Qe7 17. N@h5 
B@e5 18. Bxf6 gxf6 19. Bxf7+ Kxf7 20. N@h6+ Kf8 21. P@f7 Rh8 22. Nxc5 B@g7 
23. Nxg7 dxc5 24. Nh5 B@g7 25. Nxg7 N@g5 26. Qg4 Kxg7 27. B@h4 Kxh6 28. Bxg5+ 
fxg5 29. B@e2 Nxe2+ 30. Qxe2 N@d4 31. N@g4+ Kg7 32. N@h5+ Kxf7 33. B@e6+ Kf8 
34. Nxe5 Nxe2+ 35. Kh1 B@h3 36. B@h6+ P@g7 37. Bxg7+ Qxg7 38. Rg1 Nxg1 39. Nxg7 
Bxg2+ 40. Kxg2 B@h3+ 41. Kxg1 
{BarryWhite checkmated} 0-1

[Event "fics rated crazyhouse match"]
[Site "fics, Oklahoma City, OK USA"]
[Date "2000.12.19"]
[White "pminear"]
[WhiteElo "2607"]
[Black "BarryWhite"]
[BlackElo "2417"]
[TimeControl "120+0"]
[Result "1-0"]

1. e4 e6 2. Nc3 Nc6 3. d4 d5 4. exd5 exd5 5. Nf3 Nf6 6. Bb5 
Bd7 7. Qe2+ Qe7 8. P@e5 P@e6 9. exf6 gxf6 10. N@f4 P@e4 11. Bxc6 Bxc6 
12. Ne5 B@c4 13. Nxc4 dxc4 14. Qxc4 Rg8 15. N@a5 N@b6 16. Nxc6 Nxc4 17. Nxe7 
Kxe7 18. B@c5+ Nd6 19. Bxd6+ cxd6 20. Ncd5+ exd5 21. Nxd5+ Ke6 22. P@f5+ Kxd5 
23. c4+ Kxd4 24. Be3+ Ke5 
{BarryWhite checkmated} 1-0

[Event "fics rated crazyhouse match"]
[Site "fics, Oklahoma City, OK USA"]
[Date "2000.12.19"]
[White "BarryWhite"]
[WhiteElo "2413"]
[Black "pminear"]
[BlackElo "2611"]
[TimeControl "120+0"]
[Result "0-1"]

1. e4 e5 2. Nf3 Nc6 3. Bb5 Bc5 4. O-O Nf6 5. c3 Nxe4 6. d4 
Bd6 7. d5 Ne7 8. c4 Ng6 9. Qe2 f5 10. Nc3 Nxc3 11. bxc3 N@f4 
12. Bxf4 Nxf4 13. Qd2 O-O 14. Rae1 P@g4 15. Nxe5 Bxe5 16. Rxe5 Nxg2 17. N@d4 
B@f4 18. Qe2 P@f3 19. Nxf3 gxf3 20. Qxf3 N@h4 21. Qh5 Bxe5 22. P@g6 N@h3+ 
23. Kh1 R@g1# 
{BarryWhite resigns} 0-1

[Event "fics rated crazyhouse match"]
[Site "fics, Oklahoma City, OK USA"]
[Date "2000.12.19"]
[White "pminear"]
[WhiteElo "2615"]
[Black "BarryWhite"]
[BlackElo "2409"]
[TimeControl "120+0"]
[Result "1-0"]

1. e4 e6 2. Nc3 Nc6 3. d4 d5 4. exd5 exd5 5. Nf3 Bb4 6. Bb5 
Qe7+ 7. Ne5 P@f6 8. O-O Bxc3 9. Nxc6 bxc6 10. Bxc6+ Bd7 11. Bxd7+ Qxd7 
12. Qe2+ B@e4 13. bxc3 Ne7 14. f3 N@d6 15. N@c5 Qd8 16. fxe4 dxe4 17. P@d7+ 
Kf8 18. P@h6 Rg8 19. hxg7+ Rxg7 20. B@h6 N@f5 21. Bxg7+ Nxg7 22. B@h6 B@h8 
23. Rxf6 
{BarryWhite resigns} 1-0

[Event "fics rated crazyhouse match"]
[Site "fics, Oklahoma City, OK USA"]
[Date "2000.12.19"]
[White "BarryWhite"]
[WhiteElo "2405"]
[Black "pminear"]
[BlackElo "2619"]
[TimeControl "120+0"]
[Result "0-1"]

1. e4 e5 2. Nf3 Nc6 3. Nc3 Bc5 4. Be2 Nf6 5. O-O d6 6. d3 
h6 7. Be3 Bxe3 8. fxe3 B@b6 9. B@f2 Ng4 10. Qd2 Nxf2 11. Rxf2 Bxe3 
12. Qxe3 B@b6 13. Qc1 Bxf2+ 14. Kxf2 Nd4 15. B@e3 Nxe2 16. Nxe2 B@h5 17. B@f5 
Bxf5 18. exf5 B@g4 19. B@e4 d5 20. N@g3 dxe4 21. dxe4 P@h3 22. Nxh5 Bxh5 
23. gxh3 Bxf3 24. P@g6 Bh5 25. B@g4 Bxg4 26. hxg4 N@h3+ 27. Kg2 N@h4+ 28. Kxh3 
R@f3# 
{BarryWhite resigns} 0-1

[Event "fics rated crazyhouse match"]
[Site "fics, Oklahoma City, OK USA"]
[Date "2000.12.19"]
[White "pminear"]
[WhiteElo "2623"]
[Black "BarryWhite"]
[BlackElo "2401"]
[TimeControl "120+0"]
[Result "1-0"]

1. e4 e6 2. Nc3 Nc6 3. d4 d5 4. exd5 exd5 5. Bb5 Nf6 6. Nf3 
Bd7 7. Qe2+ Be7 8. P@e5 Ne4 9. Nxd5 P@f5 10. P@h6 Rg8 11. hxg7 Rxg7 
12. P@f6 Rg8 13. fxe7 Nxe7 14. Nxe7 Qxe7 15. Bxd7+ Kxd7 16. B@a4+ B@c6 17. B@b5 
N@d8 18. Bxc6+ Nxc6 19. B@d5 Rxg2 20. Baxc6+ bxc6 21. Bxe4 fxe4 22. N@f6+ Kd8 
23. N@b7+ Kc8 24. Qxe4 B@e6 25. Qxc6 B@b4+ 26. Bd2 Bxd2+ 27. Nxd2 Rb8 28. N@d6+ 
Qxd6 29. Nxd6+ Kd8 
{BarryWhite checkmated} 1-0

[Event "fics rated crazyhouse match"]
[Site "fics, Oklahoma City, OK USA"]
[Date "2000.12.19"]
[White "BarryWhite"]
[WhiteElo "2397"]
[Black "pminear"]
[BlackElo "2627"]
[TimeControl "120+0"]
[Result "0-1"]

1. e4 e5 2. Nf3 Nc6 3. Bb5 Bc5 4. Bxc6 dxc6 5. d3 B@h5 6. Nc3 
Bcg4 7. N@g1 Nf6 8. h3 Bxf3 9. Nxf3 Bxf3 10. Qxf3 N@h4 11. Qg3 N@g6 
12. B@g5 Nh5 13. Qg4 Bxf2+ 14. Kxf2 P@g3+ 15. Ke2 Ngf4+ 16. Bcxf4 Nxf4+ 17. Bxf4 
exf4 18. N@h5 B@e5 19. B@c4 B@g6 20. Nxf4 Bxf4 21. Qxf4 Nxg2 22. Qe5+ P@e6 
23. Bxe6 fxe6 24. Qxe6+ B@e7 25. Qg4 O-O 26. B@e6+ Kh8 27. B@f5 N@d4+ 28. Kd1 
Nxe6 29. Bxe6 Ne3+ 30. Kd2 Nxg4 31. hxg4 Bg5+ 32. P@e3 Bxe3+ 33. Kd1 
{BarryWhite checkmated} 0-1

[Event "fics rated crazyhouse match"]
[Site "fics, Oklahoma City, OK USA"]
[Date "2000.12.19"]
[White "pminear"]
[WhiteElo "2630"]
[Black "BarryWhite"]
[BlackElo "2394"]
[TimeControl "120+0"]
[Result "1-0"]

1. e4 e6 2. Nc3 Nc6 3. d4 d6 4. Nf3 Nf6 5. d5 Ne5 6. Nxe5 
dxe5 7. Bb5+ Bd7 8. Bc4 Be7 9. N@g5 N@d4 10. Nxf7 Kxf7 11. dxe6+ Bxe6 
12. P@d5 P@d7 13. Be3 Rf8 14. Bxd4 exd4 15. dxe6+ dxe6 16. Bxe6+ Kxe6 17. N@g5+ 
Kd6 18. Qxd4# 
{BarryWhite resigns} 1-0

[Event "fics rated crazyhouse match"]
[Site "fics, Oklahoma City, OK USA"]
[Date "2000.12.19"]
[White "BarryWhite"]
[WhiteElo "2391"]
[Black "pminear"]
[BlackElo "2633"]
[TimeControl "120+0"]
[Result "1-0"]

1. e4 e5 2. Nf3 Nc6 3. Be2 Nf6 4. O-O Nxe4 5. d4 exd4 6. Nxd4 
d6 7. Bf3 P@h3 8. gxh3 Bxh3 9. P@g2 Nxd4 10. Qxd4 Bf5 11. Nc3 Nxc3 
12. bxc3 P@e4 13. Re1 P@e5 14. Qa4+ N@c6 15. Bxe4 Bxe4 16. Qxe4 d5 17. Qe2 
N@h4 18. B@h3 B@d7 19. Bxd7+ Qxd7 20. B@g4 B@e6 21. Bxe6 fxe6 22. N@g5 B@g8 
23. P@f7+ Bxf7 24. Nxf7 Qxf7 25. N@g5 Qe7 26. B@f7+ Kd8 27. Bxe6 N@h6 28. Bxd5 
P@d7 29. Bxc6 bxc6 30. P@b7 Rb8 31. N@c8 Qf6 32. Ne4 Qg6 33. B@g5+ B@e7 
34. Nxe7 Bxe7 35. B@h5 Qe6 36. Bxh4 Bxh4 37. N@g5 Bxg5 38. Nxg5 Qf5 39. P@g4 
Qf6 40. B@h4 B@b5 41. Nf7# 
{pminear forfeits on time} 1-0

[Event "fics rated crazyhouse match"]
[Site "fics, Oklahoma City, OK USA"]
[Date "2000.12.19"]
[White "BarryWhite"]
[WhiteElo "2416"]
[Black "pminear"]
[BlackElo "2608"]
[TimeControl "120+0"]
[Result "1-0"]

1. e4 e5 2. Nf3 Nc6 3. Bb5 Bc5 4. O-O Nf6 5. d3 d6 6. Bxc6+ 
bxc6 7. h3 B@h5 8. N@g3 Bxf3 9. Qxf3 N@h4 10. Qd1 Nxg2 11. Kxg2 P@f4 
12. Nc3 fxg3 13. fxg3 Bxh3+ 14. Kxh3 P@g4+ 15. Kg2 N@e3+ 16. Bxe3 Bxe3 17. N@f5 
B@f3+ 18. Rxf3 gxf3+ 19. Qxf3 R@f2+ 20. Qxf2 Bxf2 21. Nxg7+ Kf8 22. B@h6 Kg8 
23. Nf5 
{pminear resigns} 1-0

[Event "fics rated crazyhouse match"]
[Site "fics, Oklahoma City, OK USA"]
[Date "2000.12.19"]
[White "pminear"]
[WhiteElo "2596"]
[Black "BarryWhite"]
[BlackElo "2428"]
[TimeControl "120+0"]
[Result "1-0"]

1. e4 e6 2. Nc3 d6 3. d4 Nf6 4. Nf3 Nc6 5. d5 Be7 6. dxc6 
bxc6 7. e5 Nd5 8. N@h5 Rg8 9. Bd3 P@f5 10. Nxd5 cxd5 11. N@c6 Qd7 
12. Bb5 a6 13. Nxe7 Kxe7 14. Bg5+ f6 15. exf6+ gxf6 16. Bxf6+ Kf7 
{BarryWhite resigns} 1-0

[Event "fics rated crazyhouse match"]
[Site "fics, Oklahoma City, OK USA"]
[Date "2000.12.19"]
[White "BarryWhite"]
[WhiteElo "2424"]
[Black "pminear"]
[BlackElo "2600"]
[TimeControl "120+0"]
[Result "0-1"]

1. e4 e5 2. Nf3 Nc6 3. Nc3 Bc5 4. Bb5 Nf6 5. O-O d6 6. Bxc6+ 
bxc6 7. h3 B@h5 8. N@g3 Bxf3 9. Qxf3 N@f4 10. d3 Nxh3+ 11. gxh3 Bxh3 
12. N@f5 Rg8 13. Be3 Bg4 14. Qg2 P@h3 15. Qh2 Bxf5 16. B@e2 Bg4 17. Bxc5 
Bxe2 18. Qxh3 B@g4 19. Ncxe2 N@f3+ 20. Kh1 Bxh3 
{BarryWhite resigns} 0-1

[Event "fics rated crazyhouse match"]
[Site "fics, Oklahoma City, OK USA"]
[Date "2000.12.19"]
[White "pminear"]
[WhiteElo "2604"]
[Black "BarryWhite"]
[BlackElo "2420"]
[TimeControl "120+0"]
[Result "1-0"]

1. e4 e6 2. Nc3 Nc6 3. d4 d5 4. exd5 exd5 5. Bb5 Bb4 6. Qe2+ 
Qe7 7. a3 Bxc3+ 8. bxc3 N@h4 9. B@f1 P@h3 10. Nxh3 Bxh3 11. gxh3 Nf3+ 
12. Kd1 Nxd4 13. P@d7+ Kxd7 14. B@g4+ P@e6 15. cxd4 N@c3+ 16. Ke1 Nxe2 17. Bxc6+ 
bxc6 18. N@e5+ Ke8 19. P@d7+ Kf8 20. Bfxe2 B@c3+ 21. N@d2 Bxd4 22. N@c8 Bxf2+ 
23. Kd1 Rxc8 24. dxc8=Q+ N@d8 25. R@f3 Bd4 26. Nxf7 Nf6 27. Nxd8 Q@e8 28. Nxe6+ 
Kg8 29. Qxe8+ Qxe8 30. N@h6+ gxh6 
{BarryWhite checkmated} 1-0

[Event "fics rated crazyhouse match"]
[Site "fics, Oklahoma City, OK USA"]
[Date "2000.12.19"]
[White "BarryWhite"]
[WhiteElo "2416"]
[Black "pminear"]
[BlackElo "2608"]
[TimeControl "120+0"]
[Result "1-0"]

1. e4 e5 2. Nf3 Nc6 3. Bb5 Bc5 4. Bxc6 dxc6 5. O-O B@h5 6. N@g3 
Bxf3 7. Qxf3 N@f4 8. Nc3 Nh6 9. B@f5 Bxf5 10. Nxf5 Nxf5 11. exf5 N@h4 
12. Qg4 B@f6 13. d4 Bxd4 14. Bxf4 exf4 15. B@e6 O-O 16. Bxf7+ Kh8 17. N@e6 
P@g3 18. Nxd8 Bxf2+ 19. Kh1 gxh2 20. P@h6 B2d4 21. hxg7+ Bxg7 22. Qxh4 B@h6 
23. P@g6 Bxc3 24. gxh7 N@g3+ 25. Qxg3 fxg3 26. Q@g8+ Rxg8 
{pminear checkmated} 1-0

[Event "fics rated crazyhouse match"]
[Site "fics, Oklahoma City, OK USA"]
[Date "2000.12.19"]
[White "Perplexity"]
[WhiteElo "2327"]
[Black "Gnejs"]
[BlackElo "2456"]
[TimeControl "180+0"]
[Result "0-1"]

1. e4 Nf6 2. Nc3 d5 3. exd5 Nxd5 4. Nf3 Nc6 5. Nxd5 Qxd5 6. N@b5 
Qd8 7. Bc4 e6 8. d3 a6 9. Nc3 N@d4 10. Nxd4 Nxd4 11. P@e3 Nf5 
12. e4 Nd4 13. Be3 Bb4 14. N@h5 Rg8 15. Bxd4 Qxd4 16. N@e2 Qe5 17. Nhg3 
P@a3 18. d4 Qa5 19. Qc1 N@a4 20. Bb3 Nxb2 21. Qd2 P@a4 22. Bxe6 Bxe6 
23. d5 Bg4 24. P@c6 bxc6 25. dxc6 Rd8 26. P@d7+ Kf8 27. h3 Be6 28. Nf5 
B@f6 29. Nxg7 Rxg7 30. e5 Bxe5 31. P@d4 Bf6 32. Kf1 Nc4 33. Qf4 B@g5 
34. Qg3 Bh4 35. Qd3 Nb2 36. Qe3 N@c4 37. Qxe6 fxe6 38. B@h6 Bxc3 39. Bxg7+ 
Kxg7 40. Nxc3 Qxc3 41. R@g4+ B@g5 42. Rxg5+ Bhxg5 43. B@e2 Qxc2 44. B@g3 Qxe2+ 
45. Kg1 P@f4 46. Bxf4 Bxf4 47. P@e5 Nxe5 48. Rf1 Qxf1+ 49. Kxf1 Q@d1# 
{Perplexity forfeits on time} 0-1

[Event "fics rated crazyhouse match"]
[Site "fics, Oklahoma City, OK USA"]
[Date "2000.12.19"]
[White "pminear"]
[WhiteElo "2596"]
[Black "BarryWhite"]
[BlackElo "2428"]
[TimeControl "120+0"]
[Result "1-0"]

1. e4 e6 2. Nc3 Nc6 3. d4 d5 4. exd5 exd5 5. Bb5 Ne7 6. Qe2 
P@e6 7. Nf3 Bd7 8. P@h6 Rg8 9. hxg7 Bxg7 10. P@h6 Bxd4 11. Bxc6 Nxc6 
12. Nxd4 Nxd4 13. N@g7+ Kf8 14. B@c5+ B@d6 15. Bxd4 P@e5 16. Bxe5 Bxe5 17. Qxe5 
B@f6 18. Qe2 N@d4 19. Qd1 Bc6 20. B@c5+ P@d6 21. Bxd4 Bxd4 22. Qxd4 e5 
23. Qd1 B@e6 24. B@g5 Qd7 25. P@e7+ Qxe7 26. Bxe7+ Kxe7 27. N@f5+ Bxf5 28. Nxf5+ 
Kd7 29. N@f6+ Kc8 30. Ne7+ Kb8 31. Nxc6+ bxc6 32. Nxg8 B@c8 33. Ne7 N@h4 
34. B@f1 Bd7 35. B@a6 P@b7 36. Bxb7 Kxb7 37. P@a6+ Kb6 38. Q@b7+ Kc5 
{BarryWhite checkmated} 1-0

[Event "fics rated crazyhouse match"]
[Site "fics, Oklahoma City, OK USA"]
[Date "2000.12.19"]
[White "Gnejs"]
[WhiteElo "2461"]
[Black "Perplexity"]
[BlackElo "2317"]
[TimeControl "180+0"]
[Result "1-0"]

1. e4 Nf6 2. Nc3 d5 3. exd5 Nxd5 4. d4 e6 5. Nf3 Nc6 6. Nxd5 
exd5 7. Be2 P@h3 8. Rg1 hxg2 9. Rxg2 N@e4 10. Be3 P@c3 11. b3 Bh3 
12. Rg1 Nb4 13. a3 Nxc2+ 14. Qxc2 P@d2+ 15. Kd1 Bf5 16. P@d3 Nxf2+ 17. Bxf2 
P@b2 18. Ra2 a6 19. N@b1 Bxa3 20. Rxa3 P@b4 21. Ra2 Bxd3 22. Bxd3 Qf6 
23. N@e5 Rd8 24. B@g5 Qd6 25. B@c5 Qe6 26. Bxb4 P@e4 27. N@h5 Rg8 28. Qxc3 
exd3 29. Kxd2 Qxe5 30. Nxe5 N@e4+ 31. Ke3 B@c1+ 32. Kf3 Nxg5+ 33. Rxg5 B@e4+ 
34. Kg3 Bf4+ 35. Kxf4 c5 36. Bxc5 Rd6 37. Bxd6 g6 38. Nf6# 
{Perplexity forfeits on time} 1-0

[Event "fics rated crazyhouse match"]
[Site "fics, Oklahoma City, OK USA"]
[Date "2000.12.19"]
[White "BarryWhite"]
[WhiteElo "2416"]
[Black "pminear"]
[BlackElo "2608"]
[TimeControl "120+0"]
[Result "0-1"]

1. e4 e5 2. Nf3 Nc6 3. Be2 Nf6 4. O-O Nxe4 5. d4 exd4 6. Nxd4 
d6 7. Bf3 Nxd4 8. Qxd4 d5 9. Nc3 Nxc3 10. bxc3 P@e4 11. Qe5+ Qe7 
12. Qxe7+ Bxe7 13. Bh5 P@f3 14. Bxf7+ Kd8 15. N@f4 N@e2+ 16. Kh1 Nxf4 
{BarryWhite resigns} 0-1

[Event "fics rated crazyhouse match"]
[Site "fics, Oklahoma City, OK USA"]
[Date "2000.12.19"]
[White "Perplexity"]
[WhiteElo "2308"]
[Black "Gnejs"]
[BlackElo "2466"]
[TimeControl "180+0"]
[Result "0-1"]

1. e4 Nf6 2. Nc3 d5 3. exd5 Nxd5 4. Nf3 Nc6 5. Nxd5 Qxd5 6. N@b5 
Qd8 7. Bc4 e6 8. d4 a6 9. Nc3 P@g4 10. Nd2 Qxd4 11. P@e3 Qd8 
12. Qxg4 Ne5 13. Qe4 Nxc4 14. Qxc4 N@b4 15. Qb3 B@d5 16. Nxd5 Qxd5 17. Qxd5 
exd5 18. Q@c3 Q@c6 19. Qxc6+ bxc6 20. B@b1 P@d3 21. Q@e5+ Q@e7 22. Qxe7+ Bxe7 
23. cxd3 N@c2+ 24. Kd1 Nxa1 25. N@e5 Q@h5+ 26. Ndf3 R@e6 27. P@b7 Bxb7 28. Q@d7+ 
Kf8 29. Qxc7 P@c2+ 30. Bxc2 Naxc2 31. Qxb7 Re8 32. Nd7+ Kg8 33. P@c7 B@c8 
34. Qxc8 Rxc8 35. B@b8 Nxd3 36. Kxc2 Nxf2 37. N@f4 P@d3+ 38. Nxd3 Nxd3 39. Kxd3 
Q@c4+ 40. Kd2 N@e4+ 41. Ke1 P@f2+ 42. Kd1 Qd3+ 43. P@d2 Rxc7 44. N@f6+ gxf6 
45. Nxf6+ Bxf6 46. Bxc7 
{Perplexity checkmated} 0-1

[Event "fics rated crazyhouse match"]
[Site "fics, Oklahoma City, OK USA"]
[Date "2000.12.19"]
[White "pminear"]
[WhiteElo "2612"]
[Black "BarryWhite"]
[BlackElo "2412"]
[TimeControl "120+0"]
[Result "1-0"]

1. e4 e6 2. Nc3 Nc6 3. d4 d6 4. Nf3 Nf6 5. d5 Bd7 6. dxc6 
Bxc6 7. Ng5 P@h6 8. Nxf7 Kxf7 9. P@d5 exd5 10. exd5 Nxd5 11. P@e6+ Kxe6 
12. Nxd5 Kd7 13. N@b4 Qe8+ 14. Be3 P@e6 15. Nxc6 bxc6 16. N@c5+ dxc5 17. Nf6+ 
Ke7 18. Nxe8 P@d6 19. Nxc7 Rc8 20. Nxe6 P@f7 21. Nxc5 N@e5 22. B@g3 N@g6 
23. Q@b7+ Kd8 24. Bxe5 Nxe5 25. N@e6# 
{BarryWhite resigns} 1-0

[Event "fics rated crazyhouse match"]
[Site "fics, Oklahoma City, OK USA"]
[Date "2000.12.19"]
[White "BarryWhite"]
[WhiteElo "2413"]
[Black "Gnejs"]
[BlackElo "2478"]
[TimeControl "120+0"]
[Result "0-1"]

1. e4 Nf6 2. Nc3 d5 3. exd5 Nxd5 4. d4 Nxc3 5. bxc3 e5 6. Nf3 
exd4 7. Nxd4 Nc6 8. Bb5 Qe7+ 9. P@e3 Bd7 10. N@d5 Qd6 11. P@e4 P@e6 
12. Bxc6 bxc6 13. N@b7 exd5 14. Nxd6+ Bxd6 15. exd5 cxd5 16. P@c6 Bc8 17. Nb5 
O-O 18. Nxd6 cxd6 19. e4 N@h4 20. Rg1 B@e5 21. B@e7 Bxc3+ 22. Bd2 Bxd2+ 
23. Kxd2 B@a5+ 24. c3 N@c4+ 25. Ke2 N@f4+ 26. Ke1 N@d3+ 27. Kf1 P@e2+ 28. Qxe2 
Nxe2 29. Bxh4 Nef4 
{BarryWhite forfeits on time} 0-1

[Event "fics rated crazyhouse match"]
[Site "fics, Oklahoma City, OK USA"]
[Date "2000.12.19"]
[White "Gnejs"]
[WhiteElo "2485"]
[Black "BarryWhite"]
[BlackElo "2406"]
[TimeControl "120+0"]
[Result "1-0"]

1. e4 e6 2. d4 Nc6 3. Nc3 d5 4. e5 Be7 5. Nh3 Bb4 6. Be2 
Nge7 7. O-O Nf5 8. a3 Bxc3 9. bxc3 N@e4 10. Bd2 Qe7 11. Bf3 Nxd2 
12. Qxd2 f6 13. B@c5 Qf7 14. Rfe1 Nh4 15. Bd1 B@f5 16. Nf4 Bd7 17. exf6 
Qxf6 18. Nxd5 Qf7 19. Nxc7+ Kd8 20. Nxa8 P@c7 21. P@b5 Ne7 22. R@b8+ Bc8 
23. P@d6 cxd6 24. Bxd6 Nd5 25. N@e5 Rf8 26. P@c7+ Nxc7 27. Nxf7+ Rxf7 28. P@e7+ 
Rxe7 29. Bxe7+ Kxe7 30. Rxc8 B@d8 31. B@b4+ P@d6 32. Rxd8 Kxd8 33. Bxd6 R@d7 
34. R@f8+ N@e8 
{BarryWhite checkmated} 1-0